 Dungeon Crawl Stone Soup version 0.25-a0-166-g16436c4407 (webtiles) character file.

Game seed: 15369331843467533564, levelgen mode: deterministic

704141 Arum the Slayer (level 27, -7/312 HPs)
             Began as a Demonspawn Gladiator on Nov 13, 2019.
             Was a High Priest of Qazlal.
             Killed by the air
             ... invoked by a blizzard demon
              (22 damage)
             ... in Pandemonium on Nov 24, 2019.
             The game lasted 03:25:00 (55957 turns).

Arum the Slayer (Demonspawn Gladiator)             Turns: 55957, Time: 03:25:01

Health: -7/312     AC: 33    Str: 23    XL:     27
Magic:  0/39       EV: 25    Int: 20    God:    Qazlal [*****.]
Gold:   3921       SH: 21    Dex: 18    Spells: 32/40 levels left

rFire    + + +     SeeInvis .   o - +7 scimitar "Banisher" {slice, +Fly rF+}
rCold    + . .     Gourm    +   Q - +1 shield {AC+3}
rNeg     . . .     Faith    .   i - +7 chain mail of Loss {rCorr Int+6}
rPois    +         Spirit   +   c - +0 hat "Woitadal" {rF+ rC+}
rElec    +         Reflect  .   a - +2 cloak {MR+}
rCorr    +         Harm     .   Y - +1 pair of gloves {Str+3}
MR       ++++.     Rnd*Rage +   (boots unavailable)
Stlth    ..........             b - amulet of Xom's Bemusement {Gourm rPois MP+9 Dex-3}
HPRegen  0.00/turn              x - ring "Gelaz" {rElec EV+4 Str+3 Slay+2}
MPRegen  0.52/turn              t - ring of protection from magic

@: sap magic, protected from fire, very slightly contaminated, drained, repel
missiles
A: hooves 3, thin metallic scales 3, berserk 1, deterioration 1, low mp 1,
powered by death 3, robust 3, screaming 2, inhibited regeneration, magic shield,
magic regeneration, magic link, MP-powered wands
}: 5/15 runes: barnacled, slimy, silver, demonic, gossamer
a: Upheaval, Elemental Force, Disaster Area, Renounce Religion, Evoke Flight


You were in Pandemonium.
You worshipped Qazlal.
Qazlal was extremely pleased with you.
You were not hungry.

You visited 10 branches of the dungeon, and saw 49 of its levels.
You visited Pandemonium 1 time, and saw 2 of its levels.
You visited the Abyss 3 times.
You visited 1 bazaar.
You also visited: Gauntlet.

You collected 7920 gold pieces.
You spent 3999 gold pieces at shops.

Inventory:

Hand Weapons
 o - the +7 scimitar "Banisher" (weapon) {slice, +Fly rF+}
   (You bought it in a shop in a bazaar)

   It inflicts extra damage upon your enemies.
   It protects you from fire.
   It lets you fly.
 w - the +6 long sword of Faulecum {drain, *Noise Str+8 Int-4 Dex+3}
   (You found it on level 4 of the Shoals)

   A truly terrible weapon, it drains the life of those it strikes.
   It affects your strength (+8).
   It affects your intelligence (-4).
   It affects your dexterity (+3).
   It may make noises in combat.
 J - a +9 vampiric long sword
 K - the +6 Majin-Bo {vamp, Archmagi MP+6 Int+6}
   (You found it on level 2 of the Depths)

   It inflicts no extra harm, but heals its wielder when it wounds a living foe.
   It affects your intelligence (+6).
   It affects your magic capacity (+6).
Missiles
 d - 10 throwing nets
 F - 19 silver javelins
 T - 22 javelins (quivered)
Armour
 a - a +2 cloak of magic resistance (worn)
 c - the +0 hat "Woitadal" (worn) {rF+ rC+}
   (You acquired it in a Gauntlet)

   It protects you from fire.
   It protects you from cold.
 i - the +7 chain mail of Loss (worn) {rCorr Int+6}
   (You acquired it on level 3 of the Shoals)

   It affects your intelligence (+6).
   It provides partial protection from all sources of acid and corrosion.
 m - a +2 large shield of reflection
 Q - a +1 shield of protection (worn)
 Y - a +1 pair of gloves of strength (worn)
Jewellery
 b - the amulet of Xom's Bemusement (around neck) {Gourm rPois MP+9 Dex-3}
   (You found it on level 3 of the Depths)

   [amulet of the gourmand]

   It allows you to eat raw meat even when not hungry.
   It affects your dexterity (-3).
   It protects you from poison.
   It affects your magic capacity (+9).
 t - a ring of protection from magic (right hand)
 v - an uncursed amulet of regeneration
 x - the ring "Gelaz" (left hand) {rElec EV+4 Str+3 Slay+2}
   (You found it on level 3 of the Elven Halls)

   [ring of evasion]

   It affects your evasion (+4).
   It affects your strength (+3).
   It affects your accuracy and damage with ranged weapons and melee attacks
   (+2).
   It insulates you from electricity.
 y - a +6 ring of protection
 C - an uncursed ring of protection from cold
 D - the ring of the Establishment {rElec MR+}
   (You found it on level 3 of the Elven Halls)

   [ring of protection from magic]

   It insulates you from electricity.
   It affects your resistance to hostile enchantments.
 P - the ring "Rug Koge" {*Slow rC+++ Str+2 Dex+3 Stlth+}
   (You acquired it on level 1 of the Spider Nest)

   [ring of dexterity]

   It affects your strength (+2).
   It affects your dexterity (+3).
   It renders you almost immune to cold.
   It may slow you when you take damage.
   It makes you more stealthy.
 U - an uncursed ring of protection from fire
 X - the ring "Mionnir" {*Contam +Fly rElec Str+2 Int+9}
   (You found it on level 5 of the Pits of Slime)

   [ring of strength]

   It affects your strength (+2).
   It affects your intelligence (+9).
   It insulates you from electricity.
   It lets you fly.
   It causes magical contamination when unequipped.
Wands
 I - a wand of digging (9)
 O - a wand of acid (20)
 W - a wand of iceblast (10)
 Z - a wand of clouds (34)
Scrolls
 j - 22 scrolls of teleportation
 n - 3 scrolls of fear
 p - 7 scrolls of magic mapping
 q - 26 scrolls of remove curse
 z - 8 scrolls of blinking
 E - 10 scrolls of enchant armour
 L - 8 scrolls of immolation
 M - 4 scrolls of fog
 N - 16 scrolls of identify
Potions
 e - 5 potions of berserk rage
 g - 11 potions of flight
 h - 9 potions of lignification
 k - 3 potions of heal wounds
 l - 25 potions of curing
 r - 4 potions of ambrosia
 s - 4 potions of haste
 u - 3 potions of resistance
 A - 10 potions of might
 B - 9 potions of agility
 G - a potion of magic
 R - 6 potions of brilliance
 S - 2 potions of invisibility
 V - a potion of cancellation
Comestibles
 f - 102 rations


   Skills:
 + Level 24.8(23.8) Fighting
 + Level 23.2(22.2) Long Blades
 - Level 1.7(1.1) Throwing
 - Level 15.0(14.1) Armour
 - Level 20.0(19.0) Dodging
 + Level 15.5(14.7) Shields
 + Level 7.3(6.6) Spellcasting
 - Level 15.0(14.1) Invocations
 - Level 13.4(12.6) Evocations


You had 32 spell levels left.
You knew the following spells:

 Your Spells              Type           Power        Failure   Level  Hunger
a - Necromutation         Tmut/Necr      #.........   100%        8    #######

Your spell library contained the following spells:

 Spells                   Type           Power        Failure   Level  Hunger
 Apportation              Tloc           #.....       43%         1    None
 Corona                   Hex            #......      43%         1    None
 Flame Tongue             Conj/Fire      #....        43%         1    None
 Pain                     Necr           #...         43%         1    None
 Sandblast                Erth           #.....       43%         1    None
 Shock                    Conj/Air       #...         43%         1    None
 Sting                    Conj/Pois      #...         43%         1    None
 Summon Butterflies       Summ           #.......     43%         1    None
 Summon Small Mammal      Summ           #...         43%         1    None
 Blink                    Tloc           N/A          58%         2    None
 Call Imp                 Summ           #.......     58%         2    None
 Corpse Rot               Necr           N/A          58%         2    None
 Ensorcelled Hibernation  Hex/Ice        #.....       58%         2    None
 Passwall                 Tmut/Erth      #.......     58%         2    None
 Poisonous Vapours        Pois/Air       #.....       58%         2    None
 Shroud of Golubria       Chrm/Tloc      #.....       58%         2    None
 Swiftness                Chrm/Air       #.......     58%         2    None
 Throw Flame              Conj/Fire      #.....       58%         2    None
 Call Canine Familiar     Summ           #.......     82%         3    #......
 Conjure Flame            Conj/Fire      #.......     82%         3    #......
 Gell's Gravitas          Tloc           #.........   82%         3    #......
 Ignite Poison            Fire/Tmut/Pois #.......     82%         3    #......
 Inner Flame              Hex/Fire       #.......     82%         3    #......
 Lesser Beckoning         Tloc           #.........   82%         3    #......
 Mephitic Cloud           Conj/Pois/Air  #.......     82%         3    #......
 Static Discharge         Conj/Air       #.......     82%         3    #......
 Stone Arrow              Conj/Erth      #.....       82%         3    #......
 Summon Guardian Golem    Hex/Summ       #.......     82%         3    #......
 Teleport Other           Tloc           #.......     82%         3    #......
 Tukima's Dance           Hex            #.......     82%         3    #......
 Airstrike                Air            #.........   99%         4    ###....
 Cause Fear               Hex            #.........   99%         4    ###....
 Leda's Liquefaction      Hex/Erth       #.........   99%         4    ###....
 Olgreb's Toxic Radiance  Pois           #.......     99%         4    ###....
 Passage of Golubria      Tloc           N/A          99%         4    ###....
 Petrify                  Tmut/Erth      #.......     99%         4    ###....
 Sticky Flame             Conj/Fire      #.......     99%         4    ###....
 Summon Ice Beast         Ice/Summ       #.......     99%         4    ###....
 Summon Lightning Spire   Summ/Air       #.......     99%         4    ###....
 Alistair's Intoxication  Tmut/Pois      #.......     100%        5    #####..
 Aura of Abjuration       Summ           #.........   100%        5    #####..
 Bolt of Magma            Conj/Fire/Erth #.........   100%        5    #####..
 Borgnjor's Vile Clutch   Necr/Erth      #.........   100%        5    #####..
 Fireball                 Conj/Fire      #.........   100%        5    #####..
 Irradiate                Conj/Tmut      #.........   100%        5    #####..
 Iskenderun's Battlesphe  Conj/Chrm      #.......     100%        5    #####..
 Lee's Rapid Deconstruct  Erth           #.........   100%        5    #####..
 Lightning Bolt           Conj/Air       #.........   100%        5    #####..
 Metabolic Englaciation   Hex/Ice        #.........   100%        5    #####..
 Silence                  Hex/Air        #.........   100%        5    #####..
 Venom Bolt               Conj/Pois      #.........   100%        5    #####..
 Bolt of Fire             Conj/Fire      #.........   100%        6    ######.
 Conjure Ball Lightning   Conj/Air       #.........   100%        6    ######.
 Darkness                 Hex            #.........   100%        6    ######.
 Deflect Missiles         Chrm/Air       #.........   100%        6    ######.
 Hydra Form               Tmut           #.........   100%        6    ######.
 Invisibility             Hex            #.......     100%        6    ######.
 Iron Shot                Conj/Erth      #.........   100%        6    ######.
 Poison Arrow             Conj/Pois      #.........   100%        6    ######.
 Shadow Creatures         Summ           N/A          100%        6    ######.
 Statue Form              Tmut/Erth      #........    100%        6    ######.
 Dragon Form              Tmut           #.........   100%        7    #######
 Haunt                    Necr/Summ      #.........   100%        7    #######
 Malign Gateway           Summ/Tloc      #.........   100%        7    #######
 Monstrous Menagerie      Summ           #.........   100%        7    #######
 Orb of Destruction       Conj           #.........   100%        7    #######
 Ring of Flames           Chrm/Fire      #.........   100%        7    #######
 Spellforged Servitor     Conj/Summ      #.........   100%        7    #######
 Summon Greater Demon     Summ           #.........   100%        7    #######
 Summon Hydra             Summ           #.........   100%        7    #######
 Borgnjor's Revivificati  Necr           #.........   100%        8    #######
 Chain Lightning          Conj/Air       #.........   100%        8    #######
 Death's Door             Chrm/Necr      #.........   100%        8    #######
 Discord                  Hex            #.........   100%        8    #######
 Ignition                 Fire           #.........   100%        8    #######
 Infestation              Necr           #.........   100%        8    #######
 Lehudib's Crystal Spear  Conj/Erth      #.........   100%        8    #######
 Summon Horrible Things   Summ           #.........   100%        8    #######
 Fire Storm               Conj/Fire      #.........   100%        9    #######
 Glaciate                 Conj/Ice       #.........   100%        9    #######
 Shatter                  Erth           #.........   100%        9    #######
 Tornado                  Air            #.........   100%        9    #######


Dungeon Overview and Level Annotations

Branches:
Dungeon (15/15)            Temple (1/1) D:4            Lair (5/6) D:10
 Shoals (4/4) Lair:4       Spider (4/4) Lair:2        Slime (5/5) Lair:5
    Orc (2/2) D:9             Elf (3/3) Orc:2        Vaults (5/5) D:13
  Crypt (0/3) Vaults:3     Depths (5/5) D:15            Zot (0/5) Depths:5
Gauntlet (visited)

Altars:
Ashenzari
Cheibriados
Dithmenos
Elyvilon
Fedhas
Gozag
Hepliaklqana
Kikubaaqudgha
Makhleb
Nemelex Xobeh
Okawaru
Qazlal
Ru
Sif Muna
Trog
Uskayaw
Vehumet
Wu Jian
Xom
Yredelemnul
Zin
The Shining One
Beogh

Shops:
D:9 %   D:15 !*=}   Orc:2 *[:(   Elf:3 [   Vaults:5 =[   Depths:1 *!*[
Depths:2 }==

Portals:
Hell: Depths:1 Depths:2 Depths:3 Depths:4 Depths:5
Abyss: Depths:3 Depths:4
Pandemonium: Depths:3
Ziggurat: Depths:2


Innate Abilities, Weirdness & Mutations

You have hooves in place of feet.
You are completely covered in thin metallic scales. (AC +4, rElec)
You regenerate a lot of health from kills.
You are extremely robust. (+30% HP)
When hurt, damage is shared between your health and your magic reserves.
You regenerate magic rapidly.
When low on magic, you restore magic in place of health.
You tend to lose your temper in combat.
Your body sometimes deteriorates upon taking damage.
Your magical capacity is low. (-10% MP)
You sometimes yell uncontrollably at your foes.
You do not regenerate when monsters are visible.
You expend magic power (3 MP) to strengthen your wands.


Message History

Your body is wracked with pain!
* * * LOW HITPOINT WARNING * * *
The cacodemon gestures at you.
Strange energies course through your body.
You feel less energetic.
The infernal warmonger is engulfed in acidic fog.
The infernal warmonger is splashed with acid.
The infernal warmonger hits you from afar with a +3 demon trident of venom!
* * * LOW HITPOINT WARNING * * *
You are engulfed in flames!
You resist.
Your resistance to physical damage fades away.
You feel protected from fire.
* * * LOW HITPOINT WARNING * * *
The monstrous demonspawn is engulfed in acidic fog.
The monstrous demonspawn is splashed with acid!
The blizzard demon is engulfed in acidic fog.
The blizzard demon is splashed with acid.
The blizzard demon waves its arms in wide circles.
The air twists around and strikes you!!
You die...

....#3...#.6..
...###..#...5.
#.E2E...2.. .
###E§§..... ..
##X§§..... .[.
#§326......
...
#§66#......
..##32##.....
#.#§@#......
#E☼.4# ...
#....# #....#
......#
##......#
#......#
#.#..... #.
###.##


You could see a monstrous demonspawn, a cacodemon, an infernal warmonger, a
blizzard demon, a sun demon, a torturous demonspawn, an orange demon, a large
abomination, a tormentor, a ynoxinul and 4 friendly air elementals.

Vanquished Creatures
  the Royal Jelly (Slime:5)
  An ancient lich (Abyss:1)
  Mara (Elf:3)
  A juggernaut (Depths:3)
  Bai Suzhen (Vaults:3)
  Frederick (Vaults:5)
  2 caustic shrikes (Depths:3)
  4 golden dragons
  Nikola (Elf:1)
  4 bone dragons
  5 liches
  An Ice Fiend (Pan)
  4 tentacled monstrosities
  A Hell Sentinel (Abyss:2)
  Asterion (Elf:2)
  2 pandemonium lords (Pan)
  2 deep elf blademasters
  A quicksilver dragon (Vaults:5)
  Frances (D:12)
  Polyphemus (Shoals:4)
  3 krakens
  4 titans
  2 deep elf master archers (Elf:3)
  23 acid blobs
  5 sphinxes
  4 Executioners
  34 tentacled starspawn
  9 shadow dragons
  Roxanne (Elf:2)
  8 tengu reavers
  A draconian monk (Depths:5)
  3 storm dragons
  2 revenants (Abyss:2)
  19 azure jellies
  14 frost giants
  12 fire giants
  2 daevas
  2 orc warlords
  7 iron dragons
  2 draconian knights (Abyss:4)
  Aizul (Elf:3)
  8 ghost moths
  7 vault wardens
  A warmonger (Pan)
  13 deep elf elementalists
  3 cacodemons
  8 deep elf sorcerers
  2 balrugs (Pan)
  4 emperor scorpions
  An angel (Abyss:2)
  13 ironheart preservers
  3 ghouls
  4 reapers
  39 very ugly things
  69 large abominations
  6 entropy weavers
  20 stone giants
  4 war gargoyles
  2 blood saints (Pan)
  9 deep elf demonologists
  2 black suns (Pan)
  5 vampire knights
  A minotaur (Gauntlet)
  4 lorocyprocas
  4 yellow draconians
  The ghost of Osyocro the Severer, a journeyman MiBe of Trog (Lair:3)
  4 purple draconians
  Azrael (Elf:1)
  A white draconian (Abyss:1)
  9 deep elf annihilators (Elf:3)
  8 spark wasps
  A red draconian (Abyss:1)
  An eidolon (Abyss:1)
  16 ettins
  4 merfolk impalers
  9 death oozes (Slime:5)
  2 blizzard demons
  A merfolk javelineer (Shoals:4)
  2 crystal guardians
  8 deep elf death magi
  3 green deaths
  3 jiangshi (Abyss:1)
  A ragged hierophant (Vaults:1)
  Josephine (Orc:1)
  18 great orbs of eyes
  16 fire dragons
  4 hydras
  26 vault guards
  21 yaktaur captains
  Fannar (Orc:1)
  A monstrous demonspawn (Pan)
  9 deep elf high priests
  10 ice dragons
  10 rakshasas
  A spriggan air mage (Depths:3)
  14 centaur warriors
  Erica (D:10)
  42 two-headed ogres
  A hell beast (Pan)
  8 merfolk aquamancers
  4 catoblepae
  9 death knights
  A hydra (shapeshifter) (Elf:3)
  3 merfolk avatars
  An alligator snapping turtle (shapeshifter) (Depths:4)
  2 alligator snapping turtles (Shoals:3)
  35 dancing weapons
  17 ogre magi
  A satyr (Shoals:4)
  An anaconda (shapeshifter) (Vaults:5)
  A hell hog (Abyss:1)
  6 deep troll shamans
  7 death scarabs (Spider:4)
  5 deep troll earth magi
  14 tengu warriors
  A shock serpent (shapeshifter) (Elf:1)
  5 vampire magi
  3 orc high priests (Orc:2)
  14 hell knights
  A storm dragon zombie (Abyss:1)
  16 thrashing horrors
  5 spriggan berserkers
  10 death yaks
  36 wretched stars
  6 sun demons
  2 spectral emperor scorpions (Spider:4)
  Sonja (D:11)
  7 soul eaters (Pan)
  22 deep elf knights
  A salamander mystic (Depths:1)
  2 shadow wraiths
  7 skeletal warriors
  5 spatial maelstroms
  An anaconda zombie (Abyss:2)
  12 wizards
  8 sixfirhies
  5 flayed ghosts
  2 unseen horrors (shapeshifter)
  5 unseen horrors
  13 sea snakes
  11 deep elf archers
  19 deep trolls
  A shadow dragon zombie (Vaults:5)
  11 glowing orange brains
  A golden dragon skeleton (Vaults:5)
  10 necromancers
  6 phantasmal warriors
  17 ironbrand convokers
  2 anaconda skeletons
  6 spectral wolf spiders (Spider:4)
  15 orc knights
  20 harpies
  33 wolf spiders
  16 orb spiders
  A harpy (shapeshifter) (Vaults:5)
  A wolf spider zombie (Abyss:1)
  A stone giant zombie (Abyss:1)
  A statue (Abyss:2)
  65 deep elf magi
  13 manticores
  2 shadow dragon skeletons
  3 oklob plants
  3 salamanders
  8 shining eyes
  12 orc sorcerers
  11 cyclopes
  58 ugly things
  5 worldbinders
  2 black mambas
  A guardian serpent (Abyss:1)
  13 vault sentinels
  7 water nymphs
  A frost giant skeleton (Vaults:5)
  A moth of wrath (Spider:4)
  A fire giant skeleton (Abyss:1)
  A torpor snail (Lair:3)
  2 merfolk sirens
  A guardian serpent (shapeshifter) (Vaults:1)
  2 rust devils
  44 smoke demons
  6 apocalypse crabs
  2 shock serpent skeletons
  Joseph (D:10)
  2 eyes of devastation (Slime:5)
  9 orange demons
  5 hellions
  12 spiny frogs
  4 gargoyles
  2 rime drakes (Lair:2)
  2 kobold demonologists
  A yaktaur (shapeshifter) (Vaults:4)
  2 redback zombies (Spider:4)
  4 spectral redbacks (Spider:4)
  6 hellwings (Abyss:2)
  20 ancient zymes
  24 yaktaurs
  4 ice devils
  An anaconda simulacrum (Abyss:2)
  11 demonic crawlers
  6 komodo dragons
  8 tormentors (Pan)
  2 efreet
  7 freezing wraiths
  4 red devils (Pan)
  A queen bee (shapeshifter) (Depths:5)
  2 queen bees
  4 tengu conjurers
  A jumping spider (shapeshifter) (Abyss:2)
  A polar bear (shapeshifter) (Vaults:1)
  7 trolls
  47 jumping spiders
  A hydra zombie (Abyss:2)
  10 wind drakes
  A jumping spider zombie (Spider:4)
  10 hornets
  A spectral jumping spider (Spider:4)
  Prince Ribbit (D:8)
  A saltling (Vaults:1)
  A tyrant leech (shapeshifter) (Vaults:5)
  3 polar bears
  8 snapping turtles
  3 spectral tarantellas (Spider:4)
  17 blink frogs
  An ice dragon zombie (Abyss:1)
  29 merfolk
  An iron dragon simulacrum (Abyss:2)
  80 raiju
  10 hippogriffs
  A tarantella zombie (Spider:4)
  65 slime creatures
  An ettin zombie (Abyss:1)
  A centaur simulacrum (D:15)
  5 air elementals
  4 flying skulls (Abyss:1)
  2 meliai zombies
  A spriggan (D:8)
  5 shadows
  87 redbacks
  2 tarantellas (shapeshifter)
  27 yaks
  Sigmund (D:4)
  15 ynoxinuls
  38 tarantellas
  31 water elementals
  A vampire (D:10)
  A fire dragon skeleton (Abyss:2)
  5 basilisks
  19 wraiths
  3 wyverns
  12 fire elementals
  2 yaks (shapeshifter)
  5 hungry ghosts
  Grum (D:11)
  2 steam dragons
  Eustachio (D:5)
  5 golden eyes
  13 chaos spawn
  12 vampire mosquitoes
  2 spatial vortices (Abyss:1)
  15 neqoxecs
  3 wargs
  2 acid dragons
  3 insubstantial wisps (Abyss:2)
  60 small abominations
  2 swamp worms (Gauntlet)
  3 water moccasins
  A soldier ant (D:12)
  13 hell hounds
  9 porcupines
  4 floating eyes
  3 spectral hornets (Spider:4)
  A black bear (Lair:3)
  9 sky beasts
  56 orc warriors
  8 ice beasts
  4 eyes of draining
  3 phantoms
  An ettin simulacrum (Abyss:2)
  2 hornet zombies
  39 ogres
  6 wolves
  8 boggarts
  7 crocodiles
  16 centaurs
  3 big kobolds
  A gnoll sergeant (D:8)
  21 bullfrogs
  A bullfrog (shapeshifter) (Depths:4)
  8 earth elementals
  2 water moccasin zombies
  6 scorpions
  A water moccasin skeleton (D:9)
  35 killer bees
  An orc simulacrum (Vaults:2)
  14 wights
  A howler monkey (shapeshifter) (Vaults:3)
  2 howler monkeys
  2 electric eels (Spider:3)
  6 crimson imps
  A centaur zombie (D:10)
  11 quasits
  112 starcursed masses
  6 iron imps
  4 jellies
  Crazy Yiuf (D:3)
  4 hounds
  A gnoll shaman (D:9)
  3 bullfrog skeletons
  32 orc priests
  7 centaur skeletons
  A human skeleton (Abyss:2)
  6 iguanas
  12 worker ants
  21 orc wizards
  3 worker ant zombies
  14 gnolls
  14 adders
  10 white imps
  4 shadow imps
  6 ufetubi
  An ooze (D:4)
  An adder zombie (D:5)
  A worm (D:2)
  3 leopard geckos
  110 orcs
  A ball python (D:1)
  7 bats
  5 giant cockroaches
  2 goblins
  8 hobgoblins
  17 jackals
  18 kobolds
  3 quokkas
  5 frilled lizards
  2 jackal skeletons
  A quokka skeleton (D:4)
  9 rats
  A bush (D:9)
  A butterfly (Lair:4)
  8 crawling corpses
  3 lurking horrors
  5 plants
  27 starspawn tentacles
  11 tentacles
3071 creatures vanquished.

Vanquished Creatures (collateral kills)
  A death scarab (Spider:4)
  A gelid demonspawn (Pan)
  A spectral tarantella (Spider:4)
  A tarantella zombie (Spider:4)
  An orc (Orc:1)
5 creatures vanquished.

Vanquished Creatures (others)
  A shadow dragon (Depths:5)
  A frost giant (Depths:4)
  A very ugly thing (Abyss:2)
  A deep elf high priest (Elf:3)
  Erolcha (D:12)
  5 small abominations
  A sixfirhy (Pan)
  A sea snake (Shoals:1)
  A necromancer (Depths:3)
  2 ugly things (Abyss:2)
  An apocalypse crab (Abyss:2)
  A hellwing (Abyss:4)
  A slime creature (Slime:5)
  6 water elementals
  A redback (Spider:1)
  5 spatial vortices (Abyss:2)
  A hell hound (Elf:1)
  A centaur (D:11)
  A howler monkey (D:11)
  2 orc wizards
  A worker ant (D:12)
  A shadow imp (Abyss:2)
  An orc (Vaults:1)
  23 fungi
  A lurking horror (Abyss:1)
  40 plants
  61 starspawn tentacles
  14 tentacles
  A withered plant (Shoals:3)
178 creatures vanquished.

Grand Total: 3254 creatures vanquished

Notes
Turn   | Place    | Note
-------+----------+-------------------------------------------
     0 | D:1      | Arum the Demonspawn Gladiator began the quest for the Orb.
     0 | D:1      | Reached XP level 1. HP: 16/16 MP: 1/1
    59 | D:1      | Gained mutation: You are partially covered in thin metallic
                  | scales. (AC +2) [demonic ancestry]
    59 | D:1      | Reached XP level 2. HP: 2/22 MP: 2/2
   831 | D:1      | Reached XP level 3. HP: 28/28 MP: 3/3
  1198 | D:2      | Reached skill level 1 in Shields
  1509 | D:2      | Found a faded altar of an unknown god.
  1543 | D:2      | Gained mutation: You regenerate a little health from kills.
                  | [demonic ancestry]
  1543 | D:2      | Reached XP level 4. HP: 17/34 MP: 4/4
  1975 | D:3      | Reached skill level 3 in Fighting
  2647 | D:3      | Found a runed translucent door.
  2648 | D:3      | Noticed Crazy Yiuf
  2664 | D:3      | Killed Crazy Yiuf
  2664 | D:3      | Gained mutation: You regenerate health from kills. [demonic
                  | ancestry]
  2664 | D:3      | Reached XP level 5. HP: 11/41 MP: 5/5
  2966 | D:4      | Noticed a phantom
  2997 | D:4      | Killed a phantom
  3055 | D:4      | Found a staircase to the Ecumenical Temple.
  3068 | Temple   | Entered the Ecumenical Temple
  3207 | Temple   | Became a worshipper of Qazlal Stormbringer
  3219 | D:4      | Gained mutation: You have large cloven feet. [demonic
                  | ancestry]
  3219 | D:4      | Reached XP level 6. HP: 48/48 MP: 6/6
  3304 | D:4      | Reached skill level 4 in Fighting
  3611 | D:4      | Noticed Sigmund
  3629 | D:4      | Killed Sigmund
  3821 | D:4      | Reached XP level 7. HP: 53/55 MP: 7/7
  3825 | D:4      | Reached * piety under Qazlal
  3885 | D:5      | Entered Level 5 of the Dungeon
  3952 | D:5      | Found an opulent altar of Gozag.
  4033 | D:5      | Reached skill level 5 in Long Blades
  4037 | D:5      | Noticed Eustachio
  4046 | D:5      | Killed Eustachio
  4046 | D:5      | Reached skill level 5 in Fighting
  4390 | D:5      | Reached skill level 1 in Armour
  4401 | D:5      | Gained mutation: When hurt, damage is shared between your
                  | health and your magic reserves. [demonic ancestry]
  4401 | D:5      | Reached XP level 8. HP: 26/63 MP: 8/8
  5117 | D:6      | Reached skill level 6 in Fighting
  5188 | D:6      | Reached ** piety under Qazlal
  5593 | D:7      | Reached skill level 5 in Dodging
  5727 | D:7      | Reached XP level 9. HP: 58/71 MP: 7/9
  6192 | D:7      | Cast into level 1 of the Abyss (gnoll)
  6271 | Abyss:1  | Noticed a tentacled starspawn
  6309 | Abyss:1  | Killed a tentacled starspawn
  6309 | Abyss:1  | Reached skill level 7 in Fighting
  6309 | Abyss:1  | Reached skill level 5 in Armour
  6310 | Abyss:1  | Reached XP level 10. HP: 70/80 MP: 5/10
  6312 | D:7      | Escaped the Abyss
  6406 | D:8      | Noticed Prince Ribbit
  6417 | D:8      | Killed Prince Ribbit
  6506 | D:8      | Reached skill level 8 in Fighting
  6648 | D:8      | Found an iron altar of Okawaru.
  6829 | D:8      | Got a crude scale mail
  7137 | D:9      | Reached *** piety under Qazlal
  7220 | D:9      | Noticed a two-headed ogre
  7244 | D:9      | Killed a two-headed ogre
  7244 | D:9      | Reached skill level 9 in Fighting
  7385 | D:9      | Found Qeojiuv's Food Shoppe.
  7390 | D:9      | Identified a scroll of acquirement
  7391 | D:9      | Found the +8 trident of the Octopus King {venom, rElec
                  | rPois MR+}
  7597 | D:9      | Found a staircase to the Orcish Mines.
  7690 | D:9      | Found a blossoming altar of Fedhas.
  7704 | D:9      | Noticed an oklob plant
  7831 | D:10     | Entered Level 10 of the Dungeon
  7847 | D:10     | Reached **** piety under Qazlal
  7888 | D:10     | Reached XP level 11. HP: 80/89 MP: 9/11
  8481 | D:10     | Noticed Erica
  8493 | D:10     | Killed Erica
  8495 | D:10     | Noticed Joseph
  8495 | D:10     | Noticed a wizard
  8497 | D:10     | Noticed a deep elf knight
  8543 | D:10     | Killed a deep elf knight
  8554 | D:10     | Killed Joseph
  8602 | D:10     | Killed a wizard
  8605 | D:10     | Noticed a wizard
  8618 | D:10     | Killed a wizard
  8794 | D:10     | Found a staircase to the Lair.
  8957 | D:11     | Reached skill level 10 in Fighting
  8958 | D:11     | Noticed Sonja
  9028 | D:11     | Noticed a two-headed ogre
  9031 | D:11     | Killed Sonja
  9045 | D:11     | Killed a two-headed ogre
  9170 | D:11     | Gained mutation: You are mostly covered in thin metallic
                  | scales. (AC +3) [demonic ancestry]
  9170 | D:11     | Reached XP level 12. HP: 98/98 MP: 12/12
  9185 | D:11     | Reached ***** piety under Qazlal
  9376 | D:11     | Paralysed by a hornet for 3 turns
  9630 | D:11     | Reached skill level 10 in Long Blades
  9630 | D:11     | Noticed Grum
  9663 | D:11     | Killed Grum
  9671 | D:11     | Identified the +9 scale mail "Huastoxuoll" {-Cast rC+
                  | Dex+3} (You found it on level 8 of the Dungeon)
  9934 | D:11     | Noticed a two-headed ogre
  9978 | D:11     | Killed a two-headed ogre
 10134 | D:12     | Noticed Frances
 10156 | D:12     | Killed Frances
 10156 | D:12     | Reached skill level 11 in Fighting
 10443 | D:12     | Noticed Erolcha
 10453 | D:12     | Killed Erolcha
 10453 | D:12     | Reached skill level 10 in Dodging
 10654 | D:12     | Reached skill level 1 in Invocations
 11038 | D:13     | Noticed a centaur warrior
 11072 | D:13     | Killed a centaur warrior
 11072 | D:13     | Gained mutation: You regenerate magic rapidly. [demonic
                  | ancestry]
 11072 | D:13     | Reached XP level 13. HP: 100/106 MP: 12/14
 11237 | D:13     | Identified the +2 robe "Nisah" {Int+5}
 11315 | D:13     | Found a gate to the Vaults.
 11463 | D:13     | Got a polished long sword
 11464 | D:13     | Identified the +4 long sword "Kineipt" {drain, rPois rF+}
                  | (You found it on level 13 of the Dungeon)
 11800 | D:14     | Reached ****** piety under Qazlal
 11869 | D:14     | Reached skill level 10 in Armour
 11942 | D:14     | Reached skill level 12 in Fighting
 11946 | D:14     | Reached skill level 5 in Invocations
 12434 | D:15     | Entered Level 15 of the Dungeon
 12603 | D:15     | Noticed a fire giant
 12604 | D:15     | Found a staircase to the Depths.
 12624 | D:15     | Killed a fire giant
 12723 | D:15     | Gained mutation: You have hoof-like feet. [demonic
                  | ancestry]
 12723 | D:15     | Reached XP level 14. HP: 114/116 MP: 17/19
 13065 | D:15     | Found Xyakasur's Distillery.
 13073 | D:15     | Bought a potion of resistance for 170 gold pieces
 13073 | D:15     | Bought a potion of heal wounds for 85 gold pieces
 13183 | D:15     | Found Oniuli Uvewk's Gadget Shoppe.
 13206 | D:15     | Found Alalane's Jewellery Boutique.
 13211 | D:15     | Bought a cursed ring of teleportation for 72 gold pieces
 13287 | D:15     | Found Dapub's Assorted Antiques.
 13548 | Orc:1    | Entered Level 1 of the Orcish Mines
 13574 | Orc:1    | Noticed an orc warlord
 13593 | Orc:1    | Killed an orc warlord
 13777 | Orc:1    | Found a roughly hewn altar of Beogh.
 13998 | Orc:2    | Entered Level 2 of the Orcish Mines
 13998 | Orc:2    | Found a staircase to the Elven Halls.
 14097 | Orc:1    | Noticed Josephine
 14098 | Orc:1    | Noticed Fannar
 14104 | Orc:1    | Reached skill level 13 in Fighting
 14118 | Orc:1    | Killed Josephine
 14138 | Orc:1    | Killed Fannar
 14379 | Orc:2    | Noticed an orc warlord
 14397 | Orc:2    | Killed an orc warlord
 14424 | Orc:2    | Found a bloodstained altar of Trog.
 14510 | Orc:2    | Reached skill level 10 in Invocations
 14829 | Orc:2    | Found Vigeotif's General Store.
 14830 | Orc:2    | Found Mopsowid's Book Boutique.
 14831 | Orc:2    | Found Ywnixech's Antique Armour Boutique.
 14831 | Orc:2    | Found Gakkuedgh's Antique Weapon Shop.
 15036 | Lair:1   | Entered Level 1 of the Lair of Beasts
 15866 | Lair:2   | Found a gate leading to a gauntlet.
 15875 | Gauntlet | Entered a Gauntlet
 15875 | Gauntlet | Found a transporter.
 15875 | Gauntlet | Found a transporter.
 15879 | Gauntlet | Found a transporter.
 15880 | Gauntlet | Found a transporter.
 15893 | Gauntlet | Found a transporter.
 15894 | Gauntlet | Found the +2 pair of boots of the Assassin {Detection Stab+
                  | Stlth++}
 15906 | Gauntlet | Found a transporter.
 15916 | Gauntlet | Found a transporter.
 15916 | Gauntlet | Found a transporter.
 15919 | Gauntlet | Found a transporter.
 15956 | Gauntlet | Found a transporter.
 15963 | Gauntlet | Found a transporter.
 15981 | Gauntlet | Found a transporter.
 16025 | Gauntlet | Found a transporter.
 16039 | Gauntlet | Found a transporter.
 16142 | Gauntlet | Found a transporter.
 16159 | Gauntlet | Found a transporter.
 16382 | Gauntlet | Gained mutation: You have hooves in place of feet. [demonic
                  | ancestry]
 16382 | Gauntlet | Reached XP level 15. HP: 116/125 MP: 19/22
 16547 | Gauntlet | Got a warped hat
 16552 | Gauntlet | Identified the +0 hat "Woitadal" {rF+ rC+} (You acquired it
                  | in a Gauntlet)
 16586 | Gauntlet | Gained mutation: You are agile. (Dex +2) [potion of
                  | mutation]
 16586 | Gauntlet | Gained mutation: Your mind is acute. (Int +2) [potion of
                  | mutation]
 16616 | Lair:2   | Found a hole to the Spider Nest.
 17413 | Lair:3   | Found a runed translucent gate.
 17413 | Lair:3   | Found a runed translucent gate.
 17413 | Lair:3   | Found a runed translucent gate.
 17417 | Lair:3   | Noticed Osyocro's ghost (journeyman MiBe)
 18156 | Lair:4   | Found a glowing silver altar of Zin.
 18172 | Lair:4   | Got a scorched scale mail
 18173 | Lair:4   | Identified the +2 scale mail "Tider" {rElec rF+} (You found
                  | it on level 4 of the Lair of Beasts)
 18229 | Lair:4   | Reached skill level 14 in Fighting
 18650 | Lair:4   | Found a staircase to the Shoals.
 19211 | Lair:5   | Found a staircase to the Slime Pits.
 19598 | Spider:1 | Entered Level 1 of the Spider Nest
 19668 | Spider:1 | Killed a ghost moth
 19711 | Spider:1 | Reached skill level 5 in Shields
 20147 | Spider:1 | Got a sparkling ivory ring
 20149 | Spider:1 | Identified the ring "Rug Koge" {*Slow rC+++ Str+2 Dex+3
                  | Stlth+} (You acquired it on level 1 of the Spider Nest)
 20482 | Spider:2 | Gained mutation: You regenerate a lot of health from kills.
                  | [demonic ancestry]
 20482 | Spider:2 | Reached XP level 16. HP: 134/134 MP: 23/23
 20576 | Spider:2 | Reached skill level 15 in Fighting
 21809 | Spider:4 | Entered Level 4 of the Spider Nest
 22589 | Spider:4 | Reached XP level 17. HP: 143/143 MP: 5/24
 23277 | Spider:4 | Reached skill level 16 in Fighting
 23328 | Spider:4 | Got a gossamer rune of Zot
 23565 | Lair:4   | Upgraded the game from 0.25-a0-98-g0cf78c2f83 to
                  | 0.25-a0-156-g0c4bda3fdf
 23567 | Shoals:1 | Entered Level 1 of the Shoals
 23624 | Shoals:1 | Noticed a kraken
 23670 | Shoals:1 | Killed a kraken
 23670 | Shoals:1 | Reached skill level 15 in Long Blades
 23814 | Shoals:1 | Found a flickering gateway to a bazaar.
 23823 | Bazaar   | Entered a bazaar
 23827 | Bazaar   | Found Ipluav's Antique Weapon Boutique.
 23845 | Bazaar   | Found Xacsieq's Antique Armour Emporium.
 23862 | Bazaar   | Found Ror Hul's Book Boutique.
 23879 | Bazaar   | Found Ruysac's Antique Weapon Shoppe.
 23901 | Bazaar   | Bought an ichor-stained scimitar for 297 gold pieces
 23903 | Bazaar   | Identified the +7 scimitar "Banisher" {slice, +Fly rF+}
                  | (You bought it in a shop in a bazaar)
 23918 | Bazaar   | Bought a Necronomicon for 1435 gold pieces
 23928 | Bazaar   | Learned a level 8 spell: Necromutation
 23943 | Bazaar   | Bought a runed shield for 180 gold pieces
 23943 | Bazaar   | Bought a faintly humming scale mail for 216 gold pieces
 23993 | Bazaar   | Identified the +6 scale mail of Limited Liability {rPois
                  | Str-2 Int+3} (You bought it in a shop in a bazaar)
 25419 | Shoals:3 | Noticed a kraken
 25435 | Shoals:3 | Killed a kraken
 25532 | Shoals:3 | Got a shimmering chain mail
 25838 | Shoals:4 | Entered Level 4 of the Shoals
 25851 | Shoals:3 | Identified the +7 chain mail of Loss {rCorr Int+6} (You
                  | acquired it on level 3 of the Shoals)
 25857 | Shoals:4 | Noticed a kraken
 25874 | Shoals:4 | Killed a kraken
 25925 | Shoals:4 | Gained mutation: You are completely covered in thin
                  | metallic scales. (AC +4, rElec) [demonic ancestry]
 25925 | Shoals:4 | Reached XP level 18. HP: 50/153 MP: 1/25
 26006 | Shoals:4 | Noticed Polyphemus
 26036 | Shoals:4 | Killed Polyphemus
 26051 | Shoals:4 | Identified the Collected Works on Necromancy and
                  | Conjuration
 26182 | Shoals:4 | Reached skill level 10 in Shields
 26492 | Shoals:4 | Got a barnacled rune of Zot
 26712 | Shoals:4 | Got a translucent long sword
 26718 | Shoals:4 | Identified the +6 long sword of Faulecum {drain, *Noise
                  | Str+8 Int-4 Dex+3} (You found it on level 4 of the Shoals)
 27136 | Vaults:1 | Entered Level 1 of the Vaults
 27328 | Vaults:1 | Reached skill level 17 in Fighting
 28024 | Vaults:1 | Reached XP level 19. HP: 161/161 MP: 26/26
 29345 | Vaults:2 | You fall into a shaft and drop 1 floor!
 29695 | Vaults:3 | Reached skill level 18 in Fighting
 29824 | Vaults:3 | Noticed Bai Suzhen
 29867 | Vaults:3 | Killed Bai Suzhen
 30689 | Vaults:3 | Found a staircase to the Crypt.
 30689 | Vaults:3 | Found a basalt altar of Yredelemnul.
 30690 | Vaults:3 | Found an ancient bone altar of Kikubaaqudgha.
 31597 | Vaults:4 | Reached XP level 20. HP: 171/171 MP: 27/27
 31883 | Vaults:4 | Reached skill level 15 in Dodging
 33010 | Elf:1    | Entered Level 1 of the Elven Halls
 33052 | Elf:1    | Noticed Nikola
 33062 | Elf:1    | Killed Nikola
 33221 | Elf:1    | Identified the Guide on Illusion
 33675 | Elf:1    | Noticed Azrael
 33697 | Elf:1    | Killed Azrael
 34263 | Elf:2    | Noticed Roxanne
 34286 | Elf:2    | Killed Roxanne
 34460 | Elf:2    | Found a runed translucent gate.
 34460 | Elf:2    | Found a runed translucent gate.
 34460 | Elf:2    | Found a runed translucent gate.
 34475 | Elf:2    | Noticed Asterion
 34509 | Elf:2    | Killed Asterion
 34517 | Elf:2    | Reached skill level 19 in Fighting
 34612 | Elf:2    | Gained mutation: You are robust. (+10% HP) [demonic
                  | ancestry]
 34612 | Elf:2    | Reached XP level 21. HP: 174/198 MP: 28/28
 34892 | Elf:3    | Entered Level 3 of the Elven Halls
 34983 | Elf:3    | Noticed Aizul
 34996 | Elf:3    | Killed Aizul
 35582 | Elf:3    | Noticed Mara
 35589 | Elf:3    | Noticed Arum's illusion
 35603 | Elf:3    | Killed Mara
 35616 | Elf:3    | Gained mutation: You are weak. (Str -2) [a neqoxec]
 35618 | Elf:3    | Gained mutation: You tend to lose your temper in combat. [a
                  | neqoxec]
 35908 | Elf:3    | Identified Sif Muna's Guide on Captivating Toxins
 35932 | Elf:3    | Got a smoking lead ring
 35948 | Elf:3    | Found the +8 whip "Snakebite" {curare, rPois}
 35949 | Elf:3    | Found the +5 scythe "Finisher" {speed, eviscerate}
 35953 | Elf:3    | Identified Cephaf Ratt's Catalogue of Quantum
                  | Weightlessness
 36000 | Elf:3    | Identified the ring of the Establishment {rElec MR+} (You
                  | found it on level 3 of the Elven Halls)
 36008 | Elf:3    | Got a coiled bone ring
 36009 | Elf:3    | Identified the ring "Gelaz" {rElec EV+4 Str+3 Slay+2} (You
                  | found it on level 3 of the Elven Halls)
 36143 | Elf:3    | Found Coefoofe's Antique Armour Shop.
 36617 | Vaults:4 | Upgraded the game from 0.25-a0-156-g0c4bda3fdf to
                  | 0.25-a0-164-gb55e97dba5
 36636 | Vaults:5 | Entered Level 5 of the Vaults
 36668 | Vaults:5 | Reached XP level 22. HP: 182/209 MP: 9/29
 36693 | Vaults:5 | Reached skill level 20 in Fighting
 36928 | Vaults:4 | Reached skill level 15 in Shields
 36988 | Vaults:5 | Noticed a golden dragon
 37031 | Vaults:4 | Killed a golden dragon
 37187 | Vaults:5 | Lost mutation: You are agile. (Dex +2) [potion of mutation]
 37187 | Vaults:5 | Lost mutation: Your mind is acute. (Int +2) [potion of
                  | mutation]
 37187 | Vaults:5 | Lost mutation: You are weak. (Str -2) [potion of mutation]
 37187 | Vaults:5 | Gained mutation: You have a pair of small horns on your
                  | head. [potion of mutation]
 37187 | Vaults:5 | Gained mutation: Scrolls take you a little longer to read.
                  | [potion of mutation]
 37187 | Vaults:5 | Gained mutation: You are agile. (Dex +2) [potion of
                  | mutation]
 37276 | Vaults:5 | Found Qilexer's Jewellery Shoppe.
 37337 | Vaults:5 | Found Keonol's Antique Armour Boutique.
 37424 | Vaults:5 | Noticed a golden dragon
 37434 | Vaults:5 | Killed a golden dragon
 37616 | Vaults:5 | Got a silver rune of Zot
 37910 | Vaults:5 | Noticed Frederick
 37943 | Vaults:5 | Killed Frederick
 37943 | Vaults:5 | Gained mutation: When low on magic, you restore magic in
                  | place of health. [demonic ancestry]
 37943 | Vaults:5 | Reached XP level 23. HP: 217/217 MP: 27/30
 38484 | Lair:3   | Killed Osyocro's ghost
 38484 | Lair:3   | Reached skill level 1 in Evocations
 38506 | Lair:3   | Lost mutation: Scrolls take you a little longer to read.
                  | [potion of mutation]
 38506 | Lair:3   | Lost mutation: You have a pair of small horns on your head.
                  | [potion of mutation]
 38506 | Lair:3   | Lost mutation: You tend to lose your temper in combat.
                  | [potion of mutation]
 38506 | Lair:3   | Gained mutation: Your magical capacity is low. (-10% MP)
                  | [potion of mutation]
 38506 | Lair:3   | Gained mutation: Your spells are a little harder to cast,
                  | but a little more powerful. [potion of mutation]
 38659 | Depths:1 | Entered Level 1 of the Depths
 38712 | Depths:1 | Identified the ring "Noce" {*Tele rPois rC+ Stlth+}
 39112 | Depths:1 | Found Rile's Antique Armour Boutique.
 39113 | Depths:1 | Found Gof Zothri's Assorted Antiques.
 39113 | Depths:1 | Found Xiampan's Distillery.
 39116 | Depths:1 | Found Poust's General Store.
 39128 | Depths:1 | Bought a potion of heal wounds for 50 gold pieces
 39131 | Depths:1 | Bought a potion of heal wounds for 105 gold pieces
 39131 | Depths:1 | Bought a potion of berserk rage for 105 gold pieces
 39131 | Depths:1 | Bought a potion of heal wounds for 105 gold pieces
 39131 | Depths:1 | Bought a potion of heal wounds for 105 gold pieces
 39131 | Depths:1 | Bought a potion of heal wounds for 105 gold pieces
 39285 | Depths:1 | Found a gateway to Hell.
 39853 | Depths:2 | Reached skill level 5 in Evocations
 39924 | Depths:2 | Found a runed translucent door.
 40027 | Depths:2 | Found a gateway to a ziggurat.
 40068 | Depths:2 | Reached skill level 21 in Fighting
 40430 | Depths:2 | Found the +6 Majin-Bo {vamp, Archmagi MP+6 Int+6}
 40521 | Depths:2 | Found Astroeshrule's Jewellery Emporium.
 40547 | Depths:2 | Found Yprehe's Gadget Shop.
 40548 | Depths:2 | Found Usemok's Jewellery Emporium.
 40851 | Depths:3 | Found a one-way gate leading to the halls of Pandemonium.
 40859 | Depths:3 | Found a one-way gate to the infinite horrors of the Abyss.
 40879 | Depths:3 | Found a shimmering blue altar of Sif Muna.
 40879 | Depths:3 | Found a glowing golden altar of the Shining One.
 40880 | Depths:3 | Found an iron altar of Okawaru.
 41181 | Depths:3 | Cast into level 4 of the Abyss (a lich)
 41384 | Depths:3 | Escaped the Abyss
 41511 | Depths:3 | Gained mutation: You are very robust. (+20% HP) [demonic
                  | ancestry]
 41511 | Depths:3 | Reached XP level 24. HP: 221/249 MP: 27/27
 41533 | Depths:3 | Reached skill level 10 in Evocations
 41925 | Depths:3 | Paralysed by a floating eye for 3 turns
 41949 | Depths:3 | Noticed a juggernaut
 41949 | Depths:3 | Identified the amulet of Xom's Bemusement {Gourm rPois MP+9
                  | Dex-3}
 41982 | Depths:3 | Killed a juggernaut
 42986 | Depths:4 | Identified the +2 morningstar of Circularity {freeze, rC+
                  | Str+7 Dex-5}
 43054 | Depths:4 | Reached skill level 22 in Fighting
 43487 | Depths:4 | Reached XP level 25. HP: 260/260 MP: 29/29
 44207 | Depths:5 | Entered Level 5 of the Depths
 44893 | Depths:5 | Found a gate to the Realm of Zot.
 44910 | Depths:5 | Upgraded the game from 0.25-a0-164-gb55e97dba5 to
                  | 0.25-a0-166-g16436c4407
 44998 | Depths:3 | Voluntarily entered the Abyss.
 45698 | Abyss:1  | Paralysed by accursed screaming for 2 turns
 45716 | Abyss:1  | Paralysed by accursed screaming for 2 turns
 45994 | Abyss:1  | Found a corrupted altar of Lugonu.
 46111 | Abyss:1  | Lost mutation: You are agile. (Dex +2) [a shining eye]
 46139 | Abyss:1  | Found a corrupted altar of Lugonu.
 46178 | Abyss:1  | Identified the +6 large shield "Mesit" {rCorr Int+5 Dex-5
                  | Stlth+}
 46373 | Abyss:1  | Found a corrupted altar of Lugonu.
 46432 | Abyss:1  | Lost mutation: Your spells are a little harder to cast, but
                  | a little more powerful. [a cacodemon]
 46792 | Abyss:1  | Gained mutation: Potions are less effective at restoring
                  | your health. [a neqoxec]
 46815 | Abyss:1  | Found an ancient bone altar of Kikubaaqudgha.
 47016 | Abyss:1  | Reached XP level 26. HP: 272/272 MP: 23/23
 47388 | Abyss:1  | Found a corrupted altar of Lugonu.
 47406 | Abyss:1  | Reached skill level 23 in Fighting
 47486 | Abyss:1  | Gained mutation: Scrolls take you a little longer to read.
                  | [a neqoxec]
 47646 | Abyss:1  | Noticed an ancient lich
 47663 | Abyss:1  | Killed an ancient lich
 47706 | Abyss:1  | Paralysed by accursed screaming for 1 turns
 47863 | Abyss:2  | Gained mutation: Armour fits poorly on your strangely
                  | shaped body. [a neqoxec]
 47866 | Abyss:2  | Gained mutation: You expend magic power (3 MP) to
                  | strengthen your wands. [a neqoxec]
 48075 | Abyss:2  | Found a corrupted altar of Lugonu.
 48118 | Abyss:2  | Gained mutation: You tend to lose your temper in combat. [a
                  | neqoxec]
 48122 | Abyss:2  | Gained mutation: You do not regenerate when monsters are
                  | visible. [a neqoxec]
 48489 | Abyss:2  | Reached skill level 15 in Invocations
 48494 | Abyss:2  | Paralysed by accursed screaming for 1 turns
 48499 | Abyss:2  | Paralysed by accursed screaming for 2 turns
 48504 | Abyss:2  | Gained mutation: You are dopey. (Int -2) [a neqoxec]
 48507 | Abyss:2  | Gained mutation: Your body sometimes deteriorates upon
                  | taking damage. [a neqoxec]
 48586 | Abyss:2  | Gained mutation: You are clumsy. (Dex -2) [a neqoxec]
 48730 | Abyss:2  | Lost mutation: Scrolls take you a little longer to read.
                  | [potion of mutation]
 48730 | Abyss:2  | Lost mutation: You are dopey. (Int -2) [potion of mutation]
 48730 | Abyss:2  | Lost mutation: Armour fits poorly on your strangely shaped
                  | body. [potion of mutation]
 48730 | Abyss:2  | Gained mutation: You are extremely robust. (+30% HP)
                  | [potion of mutation]
 48731 | Abyss:2  | Lost mutation: You are very clumsy. (Dex -4) [potion of
                  | mutation]
 48731 | Abyss:2  | Lost mutation: Potions are less effective at restoring your
                  | health. [potion of mutation]
 48731 | Abyss:2  | Lost mutation: You tend to lose your temper in combat.
                  | [potion of mutation]
 48731 | Abyss:2  | Lost mutation: Your magical capacity is low. (-10% MP)
                  | [potion of mutation]
 48731 | Abyss:2  | Gained mutation: You are agile. (Dex +2) [potion of
                  | mutation]
 49234 | Abyss:2  | Mutation became permanent: You are very robust. (+20% HP)
                  | [demonic ancestry]
 49234 | Abyss:2  | Gained mutation: You are extremely robust. (+30% HP)
                  | [demonic ancestry]
 49234 | Abyss:2  | Reached XP level 27. HP: 169/308 MP: 27/27
 49519 | Abyss:2  | Found a corrupted altar of Lugonu.
 49606 | Abyss:2  | Paralysed by accursed screaming for 1 turns
 49685 | Abyss:2  | Reached skill level 24 in Fighting
 49713 | Abyss:2  | Found a corrupted altar of Lugonu.
 49910 | Depths:3 | Escaped the Abyss
 50536 | Depths:1 | Bought an encrusted chain mail for 304 gold pieces
 50536 | Depths:1 | Bought a potion of haste for 320 gold pieces
 50537 | Depths:1 | Identified the cursed +0 chain mail "Kajet" {rElec MR-
                  | rCorr SInv} (You bought it in a shop on level 1 of the
                  | Depths)
 50545 | Depths:1 | Bought a runed cloak for 285 gold pieces
 50564 | Depths:1 | Bought 2 scrolls of teleportation for 60 gold pieces
 50800 | Slime:1  | Entered Level 1 of the Pits of Slime
 50821 | Slime:1  | Reached skill level 1 in Spellcasting
 50846 | Slime:1  | Reached skill level 15 in Armour
 50878 | Slime:1  | Gained mutation: You occasionally shout uncontrollably at
                  | your foes. [a shining eye]
 51283 | Slime:2  | Gained mutation: Your body often deteriorates upon taking
                  | damage. [a shining eye]
 51433 | Slime:3  | Gained mutation: You sometimes yell uncontrollably at your
                  | foes. [a shining eye]
 51525 | Slime:5  | Entered Level 5 of the Pits of Slime
 51709 | Slime:5  | Noticed the Royal Jelly
 52211 | Slime:5  | Killed the Royal Jelly
 52211 | Slime:5  | Reached skill level 5 in Spellcasting
 52247 | Slime:5  | Paralysed by a floating eye for 3 turns
 52257 | Slime:5  | Gained mutation: Your magical capacity is low. (-10% MP) [a
                  | shining eye]
 52264 | Slime:5  | Gained mutation: You tend to lose your temper in combat. [a
                  | shining eye]
 52474 | Slime:5  | Paralysed by a floating eye for 2 turns
 52533 | Slime:5  | Found the cursed necklace of Bloodlust {*Rage +Rage MR++
                  | Int-3 Slay+6 *Curse}
 52541 | Slime:5  | Lost mutation: You expend magic power (3 MP) to strengthen
                  | your wands. [potion of mutation]
 52541 | Slime:5  | Lost mutation: Your body often deteriorates upon taking
                  | damage. [potion of mutation]
 52541 | Slime:5  | Lost mutation: You tend to lose your temper in combat.
                  | [potion of mutation]
 52541 | Slime:5  | Lost mutation: Your magical capacity is low. (-10% MP)
                  | [potion of mutation]
 52541 | Slime:5  | Gained mutation: You tend to lose your temper in combat.
                  | [potion of mutation]
 52541 | Slime:5  | Gained mutation: You expend magic power (3 MP) to
                  | strengthen your wands. [potion of mutation]
 52549 | Slime:5  | Got a slimy rune of Zot
 52655 | Slime:5  | Identified the Almanac of Enchantment and the Entourage
 52664 | Slime:5  | Got a bloodstained plate armour
 52665 | Slime:5  | Identified the +7 plate armour of Saroskur {rCorr} (You
                  | found it on level 5 of the Pits of Slime)
 52701 | Slime:5  | Got a clouded tin ring
 52702 | Slime:5  | Identified the ring "Mionnir" {*Contam +Fly rElec Str+2
                  | Int+9} (You found it on level 5 of the Pits of Slime)
 53500 | Pan      | Entered Pandemonium
 53517 | Pan      | Noticed Esithroa the pandemonium lord
 53551 | Pan      | Killed Esithroa the pandemonium lord
 54062 | Pan      | Found a runed translucent door.
 54133 | Pan      | Got a demonic rune of Zot
 55903 | Pan      | Noticed Solosch the pandemonium lord
 55911 | Pan      | Lost mutation: You are agile. (Dex +2) [a cacodemon]
 55947 | Pan      | Killed Solosch the pandemonium lord
 55957 | Pan      | Gained mutation: Your magical capacity is low. (-10% MP) [a
                  | cacodemon]
 55957 | Pan      | HP: 15/312 [infernal warmonger/+3 demon trident of venom
                  | (8)]
 55957 | Pan      | Killed from afar by a blizzard demon

Levels and vault maps discovered:
D:1:      minmay_arrival_plants_in_alcoves, layout_basic
D:2:      layout_basic, chequers_ecumenical_altar_simple_redux, st_stairs_3
D:3:      layout_basic, first_ration, uniq_crazy_yiuf_cottage
D:4:      layout_cave_pods, minmay_temple_entry_sparse_star, uniq_sigmund
D:5:      layout_cave_pods, grunt_gozag_statues, uniq_eustachio
D:6:      layout_rooms, grunt_ministairs_4
D:7:      layout_gridville
D:8:      layout_gridville, old_standard_altar, the_bakery, minmay_bent,
          uniq_prince_ribbit1
D:9:      layout_big_octagon, orc_0_dummy, serial_shops, kennysheep_mini_moat,
          tgw_fedhas
D:10:     layout_basic, grunt_lair_entry_orc_guard_hut, sword_in_stone
D:11:     minmay_slanted_spiral_squares, layout_loops_ring, uniq_sonja,
          uniq_grum
D:12:     layout_loops_ring, uniq_frances, uniq_erolcha
D:13:     layout_basic, erik_vaults_1, lightli_fourway_metalbox
D:14:     layout_long_grid, grunt_decor_clamped
D:15:     grunt_enter_depths_giant_problem, layout_loops_ring,
          hangedman_abyss_or_decor_stabs, serial_shops, nicolae_shop_stone,
          nicolae_shop_waterfront, nicolae_shop_stone, nicolae_shop_trees
Temple:   nicolae_temple_the_god_donut
Lair:1:   layout_roguey [special_room_bee], chequers_serial_rivers_small_a,
          chequers_serial_rivers_micro_c, minmay_lair_oklob_chamber
Lair:2:   layout_chaotic_city, spider_nest_entry_a, portal_ice_cave_rime,
          gauntlet_entry_generic
Lair:3:   layout_hall_layers, gammafunk_ghost_split, lemuel_fruit_tree
Lair:4:   nzn_motion_control, layout_cave_pods, minmay_shoals_entry_hut,
          basic_altar, serial_bayou_shore_b, infiniplex_staircase_pool,
          lemuel_fruit_fields
Lair:5:   layout_hall_layers, minmay_slime_entry_pillars,
          kilobyte_rumbling_trees, grunt_megastairs_1
Shoals:1: layout_shoals, serial_shops, freezing_bzr
Shoals:2: layout_shoals
Shoals:3: layout_shoals, argonaut_gorgonesque
Shoals:4: shoals_end_simple, layout_shoals, uniq_polyphemus
Spider:1: layout_spider_delve
Spider:2: layout_spider_delve
Spider:3: layout_spider_delve
Spider:4: floodkiller_spider_rune_tomb, guppyfry_hornet_nest
Slime:1:  layout_caves, cheibrodos_slime_lost_civilization_6
Slime:2:  layout_caves
Slime:3:  layout_caves
Slime:4:  layout_caves, basic_altar
Slime:5
Orc:1:    layout_caves, minmay_orc_temple_a, uniq_fannar, uniq_josephine
Orc:2:    st_orc_congregation, layout_caves, bloody_trog
Elf:1:    minmay_the_grid_net [minmay_the_grid_slots,
          minmay_the_grid_small_cups, minmay_the_grid_outer_diamond,
          minmay_the_grid_x, minmay_the_grid_paths,
          minmay_the_grid_prize_shrinking_boxes], layout_geoelf_diagonals,
          minmay_elf_demonology, uniq_azrael, uniq_nikola
Elf:2:    layout_geoelf_grid, hex_intersection, uniq_roxanne, uniq_asterion
Elf:3:    minmay_elf_hall_four_x, layout_geoelf_octagon, serial_sigils,
          serial_sigils_hangedman_clutch, serial_sigils_hangedman_stare,
          serial_sigils_hangedman_confine, serial_sigils_hangedman_shear,
          serial_sigils_hangedman_snap, serial_sigils_hangedman_quiver,
          serial_shops, nicolae_shop_behind_doors, uniq_aizul, uniq_mara
Vaults:1: vaults_room_grunt_arrival_ludios, nicolae_vaults_twisting_passages,
          serial_ice_h, nicolae_vaults_little_ls, v_misc_30, vaults_mumra_hex,
          ontoclasm_vaults_chip, v_rooms_1, vaults_dpeg_ring,
          nicolae_vaults_little_squares_1, layout_vaults_omnibox,
          portal_desolation_entry_nicolae_nacl
Vaults:2: vaults_room_hallway, v_misc_24, vaults_dpeg_hooks,
          grunt_vaults_diagonal, nicolae_vaults_little_squares_2,
          nicolae_vaults_shelves_hall, layout_vaults_omnigrid, serial_glass
Vaults:3: minmay_crypt_entry_necro_gods, vaults_room_stairs_pillars,
          hangedman_vaults_restitches, nicolae_vaults_inception_corners,
          v_misc_29, nicolae_vaults_little_squares_4, v_alt_pattern_5,
          vaults_room_hangedman_quadrants, v_alt_pattern_1,
          nicolae_vaults_little_squares_3, layout_vaults_chaotic_city,
          uniq_bai_suzhen
Vaults:4: nicolae_vaults_asterisk, nicolae_vaults_shelves_hall,
          ontoclasm_vaults_tryst, v_misc_23, v_pattern_5, v_misc_18,
          nicolae_vaults_branching_niches, v_misc_25, nicolae_vaults_network_s,
          vaults_mumra_minichess_inversion, hangedman_vaults_cutoff, v_misc_2,
          layout_vaults_big_cross
Vaults:5: serial_shops, uniq_frederick
Depths:1: layout_gridlike, hell_entry, drop_trap, kennysheep_generic_room_10,
          serial_bayou_shore_b, minmay_shoptagon, kennysheep_random_hallway
Depths:2: minmay_guarded_unrand_majin_bo, layout_gridville, enter_ziggurat_f,
          hell_entry, minmay_misc_feat_more_columns, kennysheep_treasure_room,
          infiniplex_staircase_pool_2, minmay_shop_grove
Depths:3: hangedman_slaughterboxes, pan_entry, hell_entry, abyss_entry
Depths:4: minmay_imperfect_grid, layout_basic, hangedman_coc_ice_floe,
          abyss_entry, hangedman_decor_clover_reticule,
          minmay_misc_feat_ornament, lemuel_flamethrower_2
Depths:5: evilmike_zot_entry_basic, layout_small_grid, hangedman_decor_lopped,
          pf_vacation_house_of_asmodeus
Pan:      regret_index_pan_draining_boxed, layout_basic, rand_demon_1,
          layout_chambers, pan_blood_fountain_small

Skill      XL: |  1  2  3  4  5  6  7  8  9 10 11 12 13 14 15 16 17 18 19 20 21 22 23 24 25 26 27 |
---------------+----------------------------------------------------------------------------------+-----
Long Blades    | 3 4 5 6 7 8 9 10 11 12 13 14 15 16 17 18 19 20 21 22 23 | 23.2
Dodging        | 3 5 6 7 9 10 11 12 13 14 15 16 17 18 19 20 | 20.0
Shields        | 1 2 3 4 5 7 9 11 12 13 14 15 | 15.5
Fighting       | 3 4 5 6 7 9 10 11 12 13 14 15 16 17 18 19 20 21 22 23 24 | 24.8
Armour         | 1 3 5 6 8 9 10 11 12 14 15 | 15.0
Invocations    | 1 7 10 13 15 | 15.0
Evocations     | 9 13 | 13.4
Spellcasting   | 7 |  7.3
Throwing       | |  1.7

Action                   |  1- 3 |  4- 6 |  7- 9 | 10-12 | 13-15 | 16-18 | 19-21 | 22-24 | 25-27 || total
-------------------------+-------+-------+-------+-------+-------+-------+-------+-------+-------++-------
Melee: Long sword        |   148 |   140 |   206 |   890 |  1373 |  1095 |  1257 |  1709 |  2048 ||  8866
       Kick              |       |    16 |   101 |    48 |   243 |   963 |  1054 |  1356 |  1801 ||  5582
       Scimitar          |       |       |       |       |       |   562 |   440 |   293 |  1113 ||  2408
       Headbutt          |       |       |       |       |       |       |       |    77 |       ||    77
       Unarmed           |       |       |       |       |       |       |       |       |    14 ||    14
Throw: Throwing net      |       |     1 |       |       |       |       |       |       |       ||     1
       Dart              |       |       |       |     5 |       |       |       |       |       ||     5
       Javelin           |       |       |       |       |       |       |       |     1 |       ||     1
Invok: Upheaval          |       |       |       |       |    16 |    20 |    10 |     8 |    14 ||    68
       Disaster Area     |       |       |       |       |     7 |     6 |     7 |     2 |    13 ||    35
       Elemental Force   |       |       |       |       |     1 |     2 |     1 |       |     3 ||     7
Evoke: Wand              |       |       |       |     8 |     8 |       |       |       |    15 ||    31
  Use: Potion            |     2 |       |     3 |     1 |     5 |     1 |     3 |     3 |    12 ||    30
       Scroll            |       |       |    10 |     8 |    23 |     7 |     5 |     2 |     8 ||    63
 Stab: Paralysed         |       |       |       |     6 |       |       |       |       |     7 ||    13
       Petrified         |       |       |       |       |     9 |     3 |       |       |       ||    12
       Held in net/web   |       |       |       |       |       |     1 |       |       |       ||     1
       Petrifying        |       |       |       |       |       |     1 |       |       |     1 ||     2
       Distracted        |       |       |       |       |       |       |       |       |     1 ||     1
  Eat: Chunk             |     2 |     8 |     8 |    18 |    25 |    11 |    22 |    29 |    33 ||   156
       Ration            |       |       |       |       |     2 |     5 |     3 |     1 |     3 ||    14
Armor: Leather armour    |    38 |       |       |       |       |       |       |       |       ||    38
       Ring mail         |    29 |    62 |    44 |   180 |       |       |       |       |       ||   315
       Skin              |     8 |       |       |       |       |       |       |       |     1 ||     9
       Scale mail        |       |       |       |    52 |   431 |   555 |       |       |       ||  1038
       Chain mail        |       |       |       |       |       |   203 |   348 |   441 |   550 ||  1542
Dodge: Dodged            |   120 |    62 |    89 |   484 |   682 |  1168 |   514 |   937 |  1420 ||  5476
       Deflected         |       |       |       |    18 |    10 |    33 |    24 |    46 |    65 ||   196
Block: Buckler           |    18 |    32 |    67 |   522 |  1013 |   952 |       |       |       ||  2604
       Other             |       |       |       |       |     1 |       |       |       |     3 ||     4
       Shield            |       |       |       |       |       |   925 |  1388 |  1782 |  2697 ||  6792
       Rpst.: Long sword |    39 |    14 |    28 |   122 |   178 |   153 |    67 |   108 |   121 ||   830
       Scimitar          |       |       |       |       |       |    54 |    39 |    36 |    88 ||   217

Table legend:
 A = Non-vault XP
 B = Vault XP
 C = Vault XP percentage of total XP
 D = Non-vault monster count
 E = Vault monster count
 F = Vault count percentage of total count
                 A         B        C        D         E       F
            +---------+---------+-------+---------+---------+-------
      Total | 1027239 |  693469 |  40.3 |    2168 |     840 |  27.9
            +---------+---------+-------+---------+---------+-------
        D:1 |      43 |       0 |   0.0 |      25 |       0 |   0.0
        D:2 |      58 |       3 |   4.9 |      27 |       2 |   6.9
        D:3 |      58 |      42 |  42.0 |       7 |       1 |  12.5
        D:4 |     360 |     212 |  37.1 |      24 |       1 |   4.0
        D:5 |     672 |     188 |  21.9 |      23 |       1 |   4.2
        D:6 |     814 |      41 |   4.8 |      14 |       2 |  12.5
        D:7 |     634 |       0 |   0.0 |      12 |       0 |   0.0
        D:8 |    1211 |     889 |  42.3 |      21 |       9 |  30.0
        D:9 |    3054 |     512 |  14.4 |      39 |       1 |   2.5
       D:10 |    3341 |    4099 |  55.1 |      31 |      10 |  24.4
       D:11 |    6887 |    4280 |  38.3 |      43 |      16 |  27.1
       D:12 |    4770 |    2996 |  38.6 |      21 |       2 |   8.7
       D:13 |    5203 |    2489 |  32.4 |      27 |       6 |  18.2
       D:14 |    7894 |       0 |   0.0 |      38 |       0 |   0.0
       D:15 |   16244 |    1800 |  10.0 |      47 |       1 |   2.1
     Temple |       3 |       0 |   0.0 |       1 |       0 |   0.0
     Lair:1 |    2206 |    4162 |  65.4 |      10 |      29 |  74.4
     Lair:2 |    3471 |    1099 |  24.0 |      12 |       4 |  25.0
     Lair:3 |    4111 |    2737 |  40.0 |      16 |       6 |  27.3
     Lair:4 |    2661 |    3186 |  54.5 |      14 |       5 |  26.3
     Lair:5 |   10309 |    2289 |  18.2 |      27 |      13 |  32.5
   Shoals:1 |    9585 |       0 |   0.0 |      19 |       0 |   0.0
   Shoals:2 |   14056 |       0 |   0.0 |      34 |       0 |   0.0
   Shoals:3 |   12379 |    3434 |  21.7 |      22 |       7 |  24.1
   Shoals:4 |   15601 |   22526 |  59.1 |      24 |      38 |  61.3
   Spider:1 |   22976 |       0 |   0.0 |      63 |       0 |   0.0
   Spider:2 |   14948 |       0 |   0.0 |      41 |       0 |   0.0
   Spider:3 |   23267 |    3474 |  13.0 |      62 |       2 |   3.1
   Spider:4 |    8928 |   34665 |  79.5 |      38 |      73 |  65.8
    Slime:1 |   25958 |       0 |   0.0 |      27 |       0 |   0.0
    Slime:2 |    4761 |       0 |   0.0 |       9 |       0 |   0.0
    Slime:3 |    7327 |       0 |   0.0 |      16 |       0 |   0.0
    Slime:4 |   14775 |    5761 |  28.1 |      15 |       3 |  16.7
    Slime:5 |   11680 |   23470 |  66.8 |      11 |       9 |  45.0
      Orc:1 |    5521 |    2997 |  35.2 |      42 |      13 |  23.6
      Orc:2 |    2807 |   11417 |  80.3 |      19 |      68 |  78.2
      Elf:1 |   15906 |   22838 |  58.9 |      30 |      39 |  56.5
      Elf:2 |    5058 |   25532 |  83.5 |       8 |      30 |  78.9
      Elf:3 |   24436 |   62743 |  72.0 |      34 |      42 |  55.3
   Vaults:1 |   39772 |   34290 |  46.3 |      71 |      58 |  45.0
   Vaults:2 |   19711 |       0 |   0.0 |      30 |       0 |   0.0
   Vaults:3 |   29797 |   23904 |  44.5 |      48 |      21 |  30.4
   Vaults:4 |   30008 |   58025 |  65.9 |      42 |      45 |  51.7
   Vaults:5 |   32307 |  106191 |  76.7 |      51 |      79 |  60.8
   Depths:1 |   28738 |    6240 |  17.8 |      37 |       8 |  17.8
   Depths:2 |   29211 |    7424 |  20.3 |      34 |       7 |  17.1
   Depths:3 |       0 |  110442 | 100.0 |       0 |      83 | 100.0
   Depths:4 |   63832 |   38180 |  37.4 |      61 |      36 |  37.1
   Depths:5 |   26195 |   13863 |  34.6 |      22 |       8 |  26.7
    Abyss:1 |  173528 |    2301 |   1.3 |     327 |       3 |   0.9
    Abyss:2 |  180691 |    6108 |   3.3 |     360 |      17 |   4.5
    Abyss:4 |   11690 |    4867 |  29.4 |      20 |       6 |  23.1
        Pan |   47786 |   27450 |  36.5 |      72 |      25 |  25.8
   Gauntlet |       0 |    4303 | 100.0 |       0 |      11 | 100.0
            +---------+---------+-------+---------+---------+-------
